 Dungeon Crawl Stone Soup version 0.27.0-1-g7a089689b8 (webtiles) character file.

Game seed: 3557840361982910799

1834 ABBCCCDDDD the Cudgeller (level 9, -2/84 HPs)
             Began as an Octopode Fighter on Aug 16, 2021.
             Was a Priest of Sif Muna.
             Slain by a gnoll (7 damage)
             ... on level 6 of the Dungeon.
             The game lasted 00:14:53 (8785 turns).

ABBCCCDDDD the Cudgeller (Octopode Fighter)         Turns: 8785, Time: 00:14:54

Health: -2/84      AC:  1    Str: 15    XL:     9   Next: 11%
Magic:  18/18      EV: 12    Int: 19    God:    Sif Muna [***...]
Gold:   307        SH: 10    Dex: 12    Spells: 4/8 levels left

rFire    . . .     SeeInvis .   a - +0 flail
rCold    . . .     Faith    .   b - +0 kite shield
rNeg     . . .     Spirit   .   (helmet restricted)
rPois    .         Reflect  .   r - amulet of the acrobat
rElec    .         Harm     .   e - ring of magical power
rCorr    .         Rampage  .   h - +6 ring of intelligence
Will     .....                  (no ring)
Stlth    ..........             (no ring)
HPRegen  0.24/turn              (no ring)
MPRegen  0.16/turn              (no ring)
                                (no ring)
                                (no ring)

@: berserking, very quick
A: almost no armour, amphibious, 8 rings, camouflage 1, gelatinous body 1,
(nimble swimmer 1), tentacles
a: Renounce Religion, Channel Magic, Forget Spell


You were on level 6 of the Dungeon.
You worshipped Sif Muna.
Sif Muna was most pleased with you.
You visited 1 branch of the dungeon, and saw 6 of its levels.

You collected 307 gold pieces.

Inventory:

Hand Weapons
 a - a +0 flail (weapon)
 f - a +1 dagger of draining
 q - a +0 flail of holy wrath
Missiles
 g - 17 poisoned darts (quivered)
 n - a throwing net
Armour
 b - a +0 kite shield (worn)
Jewellery
 e - a ring of magical power (left tentacle)
 h - a +6 ring of intelligence (right tentacle)
 r - an amulet of the acrobat (around mantle)
Wands
 t - a wand of polymorph (12)
Scrolls
 i - a scroll of holy word
 k - a scroll of amnesia
 m - a scroll of silence
 o - a scroll of fog
 p - 3 scrolls of enchant armour
Potions
 c - 3 potions of might
 d - 4 potions of curing
 j - a potion of cancellation {unknown}
 l - a potion of lignification
 s - a potion of berserk rage
 u - a potion of brilliance {unknown}
 v - a potion of mutation
 w - a potion of attraction {unknown}


   Skills:
 - Level 3.0 Fighting
 + Level 6.9 Maces & Flails
 - Level 3.0 Dodging
 + Level 6.7 Shields
 + Level 0.3 Spellcasting
 + Level 4.7 Conjurations
 - Level 5.0 Translocations


You had 4 spell levels left.
You knew the following spells:

 Your Spells              Type           Power      Damage    Failure   Level
a - Teleport Other        Tloc           19%        N/A       22%         3
b - Magic Dart            Conj           72%        1d6       9%          1

Your spell library contained the following spells:

 Spells                   Type           Power      Damage    Failure   Level
 Gell's Gravitas          Tloc           9%         N/A       22%         3
 Lesser Beckoning         Tloc           9%         N/A       22%         3
 Portal Projectile        Hex/Tloc       18%        N/A       52%         3
 Call Imp                 Summ           0%         N/A       65%         2
 Mephitic Cloud           Conj/Pois/Air  6%         N/A       65%         3
 Call Canine Familiar     Summ           0%         N/A       86%         3
 Leda's Liquefaction      Hex/Erth       0%         N/A       99%         4


Dungeon Overview and Level Annotations

Branches:
Dungeon (6/15)
 Temple: D:4-7

Altars:
Cheibriados
Fedhas
Hepliaklqana
Qazlal
Ru
Sif Muna
Trog
Uskayaw
The Shining One

Annotations:
D:5 3 runed translucent doors, Millie's ghost, amateur MiFi; Shym's ghost, weakling BaTm; viperstalker's ghost, amateur PaFi


Innate Abilities, Weirdness & Mutations

You cannot wear most types of armour.
You are amphibious.
You can wear up to eight rings at the same time.
Your skin changes colour to match your surroundings (Stealth+).
Your rubbery body absorbs attacks. (AC +1, EV +1)
((You are camouflaged near water. (Stealth+)))
You have tentacles for arms and can constrict up to eight enemies at once.


Message History

a +0 whip; a +0 leather armour; a gnoll corpse The gnoll closely misses you.
The gnoll shouts!
The gnoll hits you with a +2 halberd of venom!
You are poisoned.
You barely miss the gnoll. You grab the gnoll. You squeeze the gnoll.
The gnoll is moderately wounded.
You constrict the gnoll.
You feel very sick.
The gnoll hits you with a +2 halberd of venom.
You hit the gnoll.
The gnoll is severely wounded.
You constrict the gnoll.
You kill the gnoll!
Sif Muna accepts your kill.
You feel very sick. You block the gnoll's attack.
You feel sick.
Things that are here:
a +0 whip; a +0 leather armour; a gnoll corpse You feel sick.
You feel sick.
You feel sick.
You feel sick.
The gnoll shouts!
You feel sick. You block the gnoll's attack.
You feel sick.
You are no longer poisoned.
The gnoll hits you with a +2 halberd of freezing!
* * * LOW HITPOINT WARNING * * *
The gnoll freezes you.
* * * LOW HITPOINT WARNING * * *
A red film seems to cover your vision as you go berserk!
You feel yourself moving faster!
You feel mighty! You block the gnoll's attack. The gnoll closely misses you.
You sock the gnoll! You grab the gnoll.
The gnoll is heavily wounded.
You constrict the gnoll. You block the gnoll's attack.
The gnoll hits you with a +0 whip!
You die...

#.#####.##
#g############## #.#
#.# #..............g
#># #.#
##############g#
#.#####.###### #.#
#............# #.#
#######.####.# #.# #.#
#.# #.# #######)####g#
#.# #........)..@# #.#
#.#########g.##########
#.# #...........#####..
#.#########...[.### #.#
#####.# #.# #.### ###
#.##. #.##. ###....


You could see 2 gnolls.

Levels and vault maps discovered:
D:1:      amcnicky_arrival_underground_garden, layout_loops_ring,
          basic_ecumenical_altar, chequers_serial_rivers_micro_d,
          minmay_crystal_room
D:2:      layout_loops_ring
D:3:      layout_basic, mainiacjoe_overflow_six_doors_small,
          mainiacjoe_overflow_tiny_flanked, minivault_25, uniq_robin
D:4:      layout_gridville, kennysheep_mini_moat,
          mainiacjoe_overflow_divided_tiny, chequers_decorated_corner
D:5:      minmay_recursive_quarters, layout_basic, mainiacjoe_overflow_brackets,
          overflow_temple_1_default, gammafunk_ghost_cemetery
D:6:      layout_loops_ring, nicolae_overflow_hidden_temple,
          chequers_serial_rivers_small_3, uniq_edmund, uniq_crazy_yiuf_cottage

Notes
Turn   | Place    | Note
-------+----------+-------------------------------------------
     0 | D:1      | ABBCCCDDDD the Octopode Fighter began the quest for the
                  | Orb.
     0 | D:1      | Reached XP level 1. HP: 16/16 MP: 1/1
   373 | D:1      | Found a faded altar of an unknown god.
   430 | D:1      | Became a worshipper of Sif Muna the Loreminder
   430 | D:1      | Reached * piety under Sif Muna
   453 | D:1      | Reached XP level 2. HP: 15/21 MP: 2/2
   907 | D:2      | Reached XP level 3. HP: 10/26 MP: 3/3
  1698 | D:2      | Reached ** piety under Sif Muna
  2037 | D:2      | Reached XP level 4. HP: 26/31 MP: 4/4
  2277 | D:3      | Found a blossoming altar of Fedhas.
  2339 | D:3      | Noticed Robin
  2778 | D:3      | Killed Robin
  2940 | D:3      | Found a bloodstained altar of Trog.
  3599 | D:4      | Reached XP level 5. HP: 36/36 MP: 5/5
  3657 | D:4      | Learned a level 3 spell: Teleport Other
  3827 | D:4      | Found a hazy altar of Hepliaklqana.
  3828 | D:4      | Found a stormy altar of Qazlal.
  4133 | D:4      | Found a glowing golden altar of the Shining One.
  4284 | D:5      | Entered Level 5 of the Dungeon
  4292 | D:5      | Found a snail-covered altar of Cheibriados.
  4451 | D:5      | Found a runed translucent gate.
  4515 | D:5      | Noticed a water moccasin
  4525 | D:5      | Killed a water moccasin
  4525 | D:5      | Reached *** piety under Sif Muna
  4526 | D:5      | Reached skill level 1 in Translocations
  4526 | D:5      | Reached XP level 6. HP: 25/42 MP: 6/6
  4816 | D:5      | Learned a level 1 spell: Magic Dart
  4888 | D:5      | Found a sacrificial altar of Ru.
  4890 | D:5      | Noticed a sky beast
  4956 | D:5      | Killed a sky beast
  4957 | D:5      | Reached skill level 5 in Maces & Flails
  5135 | D:5      | Reached skill level 1 in Conjurations
  5135 | D:5      | Reached XP level 7. HP: 46/46 MP: 7/7
  5227 | D:5      | Noticed a hornet
  5428 | D:6      | Reached skill level 5 in Shields
  5817 | D:6      | Noticed Edmund
  5818 | D:6      | Noticed Edmund
  5818 | D:6      | Edmund changed into Edmund the boggart
  6115 | D:6      | Killed Edmund the boggart
  6470 | D:6      | Found a hide-covered altar of Uskayaw.
  6476 | D:6      | Reached XP level 8. HP: 32/52 MP: 8/8
  6981 | D:5      | Found a runed translucent gate.
  6982 | D:5      | Found a runed translucent gate.
  6983 | D:5      | Noticed Millie's ghost (amateur MiFi)
  6984 | D:5      | Noticed viperstalker's ghost (amateur PaFi)
  6984 | D:5      | Noticed Shym's ghost (weakling BaTm)
  7033 | D:5      | Killed a hornet
  8124 | D:6      | Reached XP level 9. HP: 42/56 MP: 9/9
  8527 | D:6      | Reached skill level 5 in Translocations
  8785 | D:6      | Slain by a gnoll

Table legend: (Time is in decaauts)
 A = Elapsed time spent in this place.
 B = Non-inter-level travel time spent in this place.
 C = Inter-level travel time spent in this place.
 D = Time resting spent in this place.
 E = Time spent auto-exploring this place.
 F = Levels seen in this place.
 G = Mean time per level.
                   A        B        C        D        E       F      G
               +--------+--------+--------+--------+--------+-----+--------+
         Total |   8906 |   8698 |    208 |   3063 |   3917 |   6 | 1484.3 |
       Dungeon |   8906 |   8698 |    208 |   3063 |   3917 |   6 | 1484.3 |
               +--------+--------+--------+--------+--------+-----+--------+

Top non-repeatable levels by time:
     D:5: 2704 daAuts
     D:6: 1855 daAuts
     D:2: 1514 daAuts
     D:3: 1080 daAuts
     D:1: 906 daAuts
     D:4: 844 daAuts

Table legend:
 A = Kills in this place as a percentage of kills in entire the game.
 B = Kills by you in this place as a percentage of kills by you in the entire game.
 C = Kills by friends in this place as a percentage of kills by friends in the entire game.
 D = Other kills in this place as a percentage of other kills in the entire game.
 E = Experience gained in this place as a percentage of experience gained in the entire game.
 F = Experience gained in this place divided by the number of levels of this place that you have seen.
                   A       B       C       D       E      F
               +-------+-------+-------+-------+-------+----------------------
         Total | 100.0 | 100.0 |   N/A |   N/A | 100.0 | 436.7
       Dungeon | 100.0 | 100.0 |   N/A |   N/A | 100.0 | 436.7
               +-------+-------+-------+-------+-------+----------------------

Action                   |  1- 3 |  4- 6 |  7- 9 || total
-------------------------+-------+-------+-------++-------
Melee: Flail             |    60 |    80 |   125 ||   265
       Constrict         |    15 |    24 |    32 ||    71
       Tentacles         |    11 |    17 |    28 ||    56
Throw: Dart              |    20 |    17 |    22 ||    59
Evoke: Wand              |       |       |     1 ||     1
  Use: Potion            |       |     1 |     1 ||     2
       Scroll            |       |       |    13 ||    13
 Stab: Sleeping          |     2 |     4 |     4 ||    10
       Distracted        |       |       |     1 ||     1
Armor: Skin              |     8 |     7 |    56 ||    71
Dodge: Dodged            |    27 |    26 |    59 ||   112
Block: Kite shield       |    26 |    28 |    82 ||   136

Vanquished Creatures
  A hornet (D:5)
  A water moccasin (D:5)
  3 black bears
  A sky beast (D:5)
  An orc warrior (D:6)
  3 ogres
  A boggart (D:6)
  A kobold brigand (D:6)
  2 bullfrogs (D:6)
  2 scorpions (D:5)
  A bullfrog zombie (D:6)
  2 hounds (D:5)
  A gnoll shaman (D:6)
  2 orc wizards
  A killer bee zombie (D:6)
  A hound skeleton (D:5)
  Robin (D:3)
  4 adders
  5 gnolls
  A howler monkey skeleton (D:5)
  A shadow imp (D:6)
  A white imp (D:6)
  An adder skeleton (D:5)
  2 worms (D:2)
  8 orcs
  5 endoplasms
  2 giant cockroaches
  13 goblins
  10 hobgoblins
  8 jackals
  9 kobolds
  4 quokkas
  5 ball pythons
  9 bats
  3 frilled lizards (D:1)
  5 rats
121 creatures vanquished.
